[Event "*** Titled Tuesday Blitz"]
[Site "Chess.com"]
[Date "2018.08.07"]
[Round "3"]
[White "BilodeauA"]
[Black "Annawel"]
[Result "0-1"]
[WhiteElo "2719"]
[BlackElo "2796"]
[TimeControl "180+2"]
[EndTime "13:36:00 PDT"]
[Termination "Annawel won by resignation"]

1. e4 c5 2. Nf3 d6 3. d4 cxd4 4. Nxd4 Nf6 5. Nc3 a6 6. Be2 e5 7. Nb3 Be7 8. O-O Be6 9. f4 O-O 10. Qe1 Nc6 11. Qg3 Nd4 12. Bd3 Nh5 13. Qf2 Nxb3 14.
axb3 Nxf4 15. Bxf4 exf4 16. Qxf4 Bf6 17. Rab1 Be5 18. Qf3 Rc8 19. Nd5 Bxd5 20. exd5 g6 21. Kh1 Rc7 22. c3 Re7 23. Rbe1 Qb6 24. b4 a5 25. Re4 f5 26. Rc4 Rfe8 27. g3 Bg7 28. Qf4 Re3 29. Bc2 Re2 30. Ba4 R8e4 31. Rxe4 Rxe4 32. Qg5 Qc7 33. Bc2 Re2 34. Bd3 Rxb2 35.
Re1 Qf7 36. Re6 axb4 37. cxb4 Rxb4 38. h4 Rd4 39. Bb5 Rg4 40. Qd8+ Bf8 41. Be8 Qg7 42. Rf6 Qe7 43. Qxe7 Bxe7 44. Re6 Kf8 45. Bd7 Rxg3 46.
h5 Rh3+ 47. Kg2 Rxh5 48. Re2 Rh4 49. Rc2 Rd4 50. Rc8+ Kg7 51. Be6 b5 52. Rc7 Kf6 53. Rb7 b4 54. Kf3 h5 55. Ke3 Re4+ 56. Kf3 h4 57. Rb8 g5 58. Rg8 g4+ 59. Kf2 h3 60. Rh8 b3 61. Rh5 Rxe6 62. Rh6+ Kg5 63. Rxe6 b2 64.
Re1 Bf6 65. Kg3 Be5+ 66. Kf2 g3+ 67. Kf3 g2 68. Rb1 Bd4 0-1

[Event "*** Titled Tuesday Blitz"]
[Site "Chess.com"]
[Date "2018.08.07"]
[Round "3"]
[White "MaxLeto"]
[Black "ruvat"]
[Result "1-0"]
[WhiteElo "2393"]
[BlackElo "2257"]
[TimeControl "180+2"]
[EndTime "13:36:03 PDT"]
[Termination "MaxLeto won on time"]

1. d4 d6 2. Bf4 Nd7 3. e3 g6 4. Nf3 Bg7 5. h4 e5 6. Bg3 exd4 7.
exd4 Ngf6 8. Be2 O-O 9. Nc3 Re8 10. Qd2 Nh5 11. Bh2 Ndf6 12. O-O-O Ng4 13. Bg1 Bf5 14.
Ng5 h6 15. f3 Ng3 16. fxg4 Nxe2+ 17. Nxe2 Bxg4 18. Nf3 Qf6 19. Nf4 c6 20. Be3 Re4 21. Rde1 Rae8 22. Rhf1 Kh7 23. Nd3 Bxf3 24. Rxf3 Qe7 25.
Bf2 f5 26. h5 Rxe1+ 27. Qxe1 Qxe1+ 28. Bxe1 Bxd4 29. hxg6+ Kxg6 30. Bg3 d5 31. c3 Bf6 32. Nf4+ Kh7 33. Kd2 Bg5 34. Kd3 Re4 35. Nh3 Kg6 36.
Bf2 b6 37. Be3 Rg4 38. g3 Kf6 39. Nf2 Ra4 40. a3 Re4 41. Nh3 c5 42. Nf2 a5 43.
Ke2 Re7 44. Kd3 Re4 45. Nh3 Rg4 46. Nf2 Re4 47. g4 Rxe3+ 48. Rxe3 Bxe3 49. Kxe3 Kg5 50. Kf3 fxg4+ 51. Nxg4 h5 52. Ne3 d4 53. Nd5 b5 54.
cxd4 cxd4 55. Nf4 h4 56. Nh3+ Kf5 57. Nf2 Ke5 58. Kg4 Kd5 59. b3 1-0

[Event "*** Titled Tuesday Blitz"]
[Site "Chess.com"]
[Date "2018.08.07"]
[Round "3"]
[White "Perecke"]
[Black "murmah2003"]
[Result "0-1"]
[WhiteElo "1910"]
[BlackElo "2563"]
[TimeControl "180+2"]
[EndTime "13:36:04 PDT"]
[Termination "murmah2003 won by resignation"]

1. e4 d6 2. d4 e5 3. dxe5 dxe5 4. Qxd8+ Kxd8 5. Nf3 f6 6. Bc4 c6 7. Nc3 Bd6 8. Be3 Kc7 9. O-O-O Ne7 10. Rd2 Bg4 11. h3 Bxf3 12. gxf3 Ng6 13. Rhd1 Be7 14. a3 Rd8 15. Rxd8 Bxd8 16. Be6 Nf8 17. Bg4 Be7 18. Na4 Nbd7 19. c4 Nb6 20. Nxb6 axb6 21. Kc2 Bc5 22. f4 Rd8 23. fxe5 Bxe3 24. Rxd8 Kxd8 25. fxe3 fxe5 26. Bf5 g6 27. Bg4 h5 28.
Bf3 Nd7 29. b4 Ke7 30. Kd3 Kf6 31. Ke2 Kg5 32. Kf2 Kh4 33. Kg2 Nf6 34. Kh2 Nh7 35. a4 Ng5 36. Bg2 Nf7 37. Bf3 Nd6 38. Be2 c5 39. bxc5 bxc5 40. Bd3 b6 41. Kg2 Nf7 42. Kh2 Ng5 43. Bf1 Nxe4 44. Bd3 Nd6 45. Bxg6 Nxc4 46. e4 Ne3 47. Bf5 c4 48. Be6 c3 49.
Bb3 c2 0-1

[Event "*** Titled Tuesday Blitz"]
[Site "Chess.com"]
[Date "2018.08.07"]
[Round "3"]
[White "MateusViageiro"]
[Black "AndrewDGreen"]
[Result "1-0"]
[WhiteElo "2329"]
[BlackElo "2178"]
[TimeControl "180+2"]
[EndTime "13:36:10 PDT"]
[Termination "MateusViageiro won on time"]

1. e4 c5 2. Nf3 g6 3. g3 Bg7 4. Bg2 Nc6 5. O-O d6 6. Re1 e5 7.
c3 Nge7 8. d3 O-O 9. Na3 h6 10.
Bd2 Be6 11. Qc1 Kh7 12. Be3 Rc8 13. Qd1 b6 14. Nd2 d5 15. exd5 Nxd5 16. Ndc4 Nxe3 17.
fxe3 Qd7 18. e4 Rcd8 19. Bf1 f5 20. exf5 gxf5 21. Bg2 Bd5 22. Bh3 Qf7 23. Qe2 f4 24. Rf1 Qg6 25. Qg4 Qxd3 26. Rad1 Qe4 27. Rxd5 Qxd5 28.
Qh5 Qf7 29. Qf3 Qg6 30. Qg4 fxg3 31. Qxg6+ Kxg6 32. hxg3 Rxf1+ 33. Kxf1 e4 34. Bg2 Kf5 35. Ke2 Bf6 36. Nd2 Re8 37. Nac4 Re6 38. Ne3+ Kg6 39.
Bxe4+ Kg7 40. Bd5 Re7 41. Bxc6 Bg5 42. Nf1 Bxe3 43. Nxe3 Kf6 44. Kf3 Ke5 45. Ng4+ Kd6 46. Be4 h5 47. Ne3 Rf7+ 48. Kg2 Ke5 49. Bf3 Rh7 50.
Nc4+ Kf6 51. Nd2 h4 52. Ne4+ Ke5 53. g4 Kf4 54. Nf6 Rf7 55. Nh5+ Kg5 56. Bd5 Rd7 57. c4 Re7 58. Kf3 Re1 59. Ng7 1-0

[Event "*** Titled Tuesday Blitz"]
[Site "Chess.com"]
[Date "2018.08.07"]
[Round "3"]
[White "pedromartinez91"]
[Black "LittlePeasant"]
[Result "1/2-1/2"]
[WhiteElo "2418"]
[BlackElo "2775"]
[TimeControl "180+2"]
[EndTime "13:36:11 PDT"]
[Termination "Game drawn - insufficient material"]

1. e4 c5 2. Nf3 e6 3. c3 Nf6 4. e5 Nd5 5. b4 cxb4 6. c4 Nc7 7. d4 d6 8. exd6 Bxd6 9. Bd3 b6 10. Be4 Ba6 11. Nbd2 O-O 12. O-O Nd7 13. Bxa8 Qxa8 14. Re1 Rd8 15. Bb2 Bf8 16. Qb3 Bb7 17. a3 a5 18. axb4 Bxb4 19. Bc3 Na6 20. Reb1 h6 21. h3 Nf6 22. Bxb4 Nxb4 23. Qxb4 axb4 24. Rxa8 Bxa8 25. Rxb4 Nd7 26. Kf1 Kf8 27. Ke2 Ke7 28. Ke3 Rc8 29. Ra4 Bc6 30. Ra7 f6 31. Ne1 g5 32. f3 b5 33. Nd3 bxc4 34. Nxc4 Ra8 35. Nb4 Bxf3 36. gxf3 Rxa7 37. Nc6+ Kf7 38. Nxa7 h5 39. Nc6 Nf8 40. Nd8+ Ke7 41. Nc6+ Kf7 42. Nd6+ Kg6 43. Nd8 h4 44. Ne4 f5 45. Nc5 Kf6 46.
Nc6 Ng6 47. Nd7+ Kg7 48. Nd8 Nf4 49. Nc5 Kf6 50. Nd3 Nxh3 51. Nc6 g4 52. fxg4 fxg4 53. Nce5 Kf5 54. Nc4 Ng1 55. Nd6+ Kg6 56. Kf2 Nf3 57.
Ne4 Nxd4 58. Ke3 Nc2+ 59. Kf4 g3 60. Nxg3 hxg3 61. Kxg3 Kf5 62. Nc5 e5 63. Kf3 Nd4+ 64.
Ke3 Nc2+ 65. Kd2 Nb4 66. Nd7 e4 67. Nc5 Kf4 68. Nxe4 Kxe4 1/2-1/2

[Event "*** Titled Tuesday Blitz"]
[Site "Chess.com"]
[Date "2018.08.07"]
[Round "3"]
[White "josiwales"]
[Black "Micki-taryan"]
[Result "1/2-1/2"]
[WhiteElo "2522"]
[BlackElo "2908"]
[TimeControl "180+2"]
[EndTime "13:36:23 PDT"]
[Termination "Game drawn - insufficient material"]

1. e4 e6 2. d4 d5 3. Nd2 c5 4.
exd5 Qxd5 5. Ngf3 cxd4 6. Bc4 Qd6 7. O-O Nf6 8. Nb3 Nc6 9. Nbxd4 Nxd4 10. Nxd4 a6 11. Re1 Qc7 12. Bb3 Bd7 13. Qf3 O-O-O 14. Bf4 Bd6 15. Bxd6 Qxd6 16. Rad1 Qc7 17. Qg3 Qxg3 18.
hxg3 Kc7 19. a4 Bc6 20. c3 Bd5 21. Bc2 g6 22. a5 Rhe8 23. f3 e5 24. Ne2 h5 25.
Kf2 g5 26. Nc1 e4 27. Bb3 Bc6 28. Bxf7 Rxd1 29. Rxd1 Rf8 30. Bc4 exf3 31. gxf3 Ng4+ 32. Kg1 Ne3 33. Rd4 Nxc4 34. Rxc4 Rxf3 35. Ne2 Kd6 36.
Rd4+ Ke5 37. Rd8 Re3 38. Kf2 Rf3+ 39. Kg1 h4 40. Rg8 Kf5 41. Nd4+ Kg4 42. Nxf3 Kxf3 43. gxh4 gxh4 44. Rh8 Kg3 45. Rg8+ Kf3 46. Kh2 Ke3 47. Kh3 Kd3 48. Rf8 Kc4 49. Rf4+ Kb5 50. b4 Ka4 51. Kxh4 Kb3 52. Kg5 Kxc3 53. Kf6 Bb5 54. Ke5 Bc4 55. Kd6 Kxb4 56. Kc7 Kb5 57. Rf5+ Ka4 58. Kxb7 Be2 59.
Kb6 Kb4 60. Rf4+ Kc3 61. Kc5 Bb5 62. Rb4 Bf1 63. Rb8 Kd3 64. Ra8 Ke4 65. Kb6 Kd5 66. Rd8+ Ke6 67. Rd2 Bb5 68. Kc5 Bf1 69. Rd1 Bb5 70.
Rd6+ Ke7 71. Rb6 Bf1 72. Kc6 Ke6 73. Kc5+ Ke7 74. Rd6 Bb5 75. Rh6 Kd7 76. Kb6 Bd3 77. Kb7 Be2 78. Rc6 Bf3 79. Kxa6 Kxc6 80. Ka7 Kc7 81.
a6 Be2 82. Ka8 Bc4 83. Ka7 Bb5 84. Ka8 Bc6+ 85. Ka7 Bd7 86. Ka8 Bc8 87. Ka7 Be6 88. Ka8 Bh3 89. Ka7 Bf1 90. Ka8 Kb6 91. Kb8 Kxa6 1/2-1/2

[Event "*** Titled Tuesday Blitz"]
[Site "Chess.com"]
[Date "2018.08.07"]
[Round "3"]
[White "krzysztofszczurek"]
[Black "OK97"]
[Result "0-1"]
[WhiteElo "2399"]
[BlackElo "2741"]
[TimeControl "180+2"]
[EndTime "13:36:27 PDT"]
[Termination "OK97 won on time"]

1. d4 e6 2. e4 d5 3. exd5 exd5 4. Bd3 Bd6 5. Nf3 Nc6 6. c3 Nge7 7. O-O Bg4 8. Re1 Qd7 9. Be3 f6 10. Nbd2 O-O-O 11.
b4 Rde8 12. a4 g5 13. a5 Nd8 14. b5 Kb8 15. Qb3 Nc8 16. Kh1 Bf4 17. b6 Bxe3 18.
bxa7+ Nxa7 19. fxe3 Ka8 20. c4 h5 21. cxd5 h4 22.
a6 b6 23. Rac1 h3 24. g3 Nf7 25. d6 Nxd6 26. Qd5+ c6 27. Qb3 Rb8 28. Be2 Rhe8 29. Qd3 Bf5 30. Qb3 Be6 31. Qb2 Bd5 32.
Kg1 Rxe3 33. Kf2 Ree8 34. Bd3 g4 35. Nh4 f5 36. Rxe8 Qxe8 37. Re1 Qd7 38. Ng6 Ne4+ 39. Bxe4 fxe4 40. Nf4 Nb5 41. Nxe4 Rf8 42. Nc3 Nxc3 43. Qxc3 Ka7 44. Qb4 Rf7 45. Rb1 Qc7 46. Qd2 Bf3 47. Qb4 Rd7 48. Ne6 Qb8 49. Rc1 Qd6 50. Qxd6 Rxd6 51. Nf4 Rxd4 52. Ke3 Re4+ 53. Kd3 Ra4 54. Ne6 Kxa6 55. Nd4 Ra3+ 56. Kc4 c5 57. Nf5 Be2+ 58. Kd5 Bf3+ 59. Kc4 Ra2 60. Nh4 Rxh2 61. Ra1+ Kb7 62. Re1 Re2 63. Ra1 h2 64. Nxf3 gxf3 65. Rh1 f2 0-1

[Event "*** Titled Tuesday Blitz"]
[Site "Chess.com"]
[Date "2018.08.07"]
[Round "3"]
[White "FairChess_on_YouTube"]
[Black "GadimbayliA"]
[Result "1/2-1/2"]
[WhiteElo "2961"]
[BlackElo "2679"]
[TimeControl "180+2"]
[EndTime "13:36:35 PDT"]
[Termination "Game drawn by repetition"]

1. e4 e6 2. d4 d5 3. exd5 exd5 4. Nf3 Bd6 5. Bd3 Nc6 6. O-O Nge7 7. c3 O-O 8. Qc2 h6 9. h3 Be6 10. Re1 Qd7 11.
Nbd2 Rae8 12. a4 Bf5 13. Bxf5 Nxf5 14. Rxe8 Rxe8 15. Nf1 Na5 16. b3 h5 17. Bd2 g6 18.
Re1 Rxe1 19. Nxe1 Qe6 20. Ne3 Qe4 21. Nxf5 gxf5 22. Qd1 f4 23. b4 Nc4 24. Bc1 Qb1 25. Qc2 Qxc2 26. Nxc2 Kg7 27. Kf1 Kf6 28. Ke2 Kf5 29.
Kf3 a5 30. bxa5 Nxa5 31. Ne1 Nb3 32. Nd3 Nxc1 33. Nxc1 Ba3 34. Nd3 Bd6 35. h4 c6 36.
Nc5 Bxc5 37. dxc5 Ke5 38. Ke2 Ke4 39. f3+ Kf5 40. Kd2 Ke5 41. Kd3 Kf5 42. Kc2 Ke5 43.
Kd2 d4 44. c4 Kf5 45. Ke2 Ke6 46. Kd3 Ke5 47. Kc2 Kf5 48. Kb3 Ke5 49. Kc2 Kf5 50. Kd2 Ke5 51. Kd3 f6 52. Ke2 Kf5 53. Kd2 Ke6 54.
Kc2 Kf5 55. Kd1 Ke5 56. Kd2 Kf5 57. Ke2 Ke6 58. Kd3 Ke5 59. a5 f5 60. Kc2 Ke6 61. Kb3 Ke5 62. Kc2 Ke6 63. Kd2 Kf6 64. Ke2 Ke6 65. Kd3 Ke5 66. Kd2 Ke6 67. Kc2 Kf6 68. Kd1 Ke5 69. Kd2 Ke6 70. Ke2 Kf6 71. Kd3 Ke5 72. Kd2 Ke6 73. Kc2 Kf6 74. Kb3 Ke5 75.
Kc2 Kf6 76. Kd2 Ke6 77. Ke2 Kf6 78. Kd3 Ke5 79. Kd2 Kf6 80. Kd3 Ke5 1/2-1/2

[Event "*** Titled Tuesday Blitz"]
[Site "Chess.com"]
[Date "2018.08.07"]
[Round "3"]
[White "Adham_Fawzy"]
[Black "BlackBoarder"]
[Result "0-1"]
[WhiteElo "2543"]
[BlackElo "2391"]
[TimeControl "180+2"]
[EndTime "13:36:55 PDT"]
[Termination "BlackBoarder won by checkmate"]

1. e4 e6 2. d4 d5 3. Nc3 Bb4 4. exd5 exd5 5. Bd3 Nf6 6. Qf3 c6 7. Ne2 O-O 8. Bg5 Bg4 9. Qg3 Nbd7 10. f3 Bh5 11.
O-O-O Bg6 12. h4 Bxd3 13. Rxd3 Kh8 14. Nf4 h6 15. Qh3 Qa5 16. Kb1 Rae8 17. Qf5 Bxc3 18. Rxc3 Qb4 19. Bxf6 Nxf6 20. Rd3 Re1+ 21. Rd1 Rxh1 22.
Rxh1 Qxd4 23. g4 g6 24. Nxg6+ fxg6 25. Qxg6 Nh7 26. Qxh6 Rxf3 27. Re1 Qg7 28. Re8+ Rf8 29. Rxf8+ Qxf8 30. Qc1 Nf6 31. Qf4 Nh7 32. Qc1 Qf3 33. Qg1 c5 34. a3 b6 35. g5 Kg7 36. Qe1 Qe4 37. Qg3 Qh1+ 38. Ka2 Qe4 39. Kb1 Nf8 40. Qd6 Qxh4 41. Qe7+ Kg8 42. Qf6 Qh1+ 43. Ka2 Qh7 44. Kb1 Qg7 45. Qd6 d4 46. Qd5+ Qf7 47. Qe5 Qf1+ 48.
Ka2 Qf7+ 49. Kb1 Ne6 50. Qb8+ Kh7 51. Qc8 Nxg5 52. Qg4 Kg6 53. b3 a5 54. a4 Qf6 55. Ka2 Kf7 56. Qd7+ Qe7 57. Qd5+ Ne6 58. Qf5+ Qf6 59. Qh7+ Ng7 60. Qe4 Qe6 61. Qb7+ Kf6 62. Qf3+ Nf5 63. Qh5 Ke5 64. Qe2+ Ne3 65. Kb2 Qf5 66.
Qh2+ Kd5 67. Qh1+ Kd6 68. Qh2+ Kc6 69. Qh1+ Kc7 70. Qh2+ Kb7 71. Qd2 Qxc2+ 72. Qxc2 Nxc2 73. Kxc2 Kc6 74. Kd3 Kd5 75. Kd2 c4 76. Ke2 cxb3 77.
Kd3 Kc5 78. Kd2 Kb4 79. Kc1 Kxa4 80. Kb2 Kb4 81. Kb1 a4 82. Kc1 a3 83. Kb1 Kc3 84.
Ka1 d3 85. Kb1 d2 86. Ka1 d1=Q# 0-1

[Event "*** Titled Tuesday Blitz"]
[Site "Chess.com"]
[Date "2018.08.07"]
[Round "3"]
[White "JoakimVonAnd"]
[Black "Maili15"]
[Result "1/2-1/2"]
[WhiteElo "2390"]
[BlackElo "2246"]
[TimeControl "180+2"]
[EndTime "13:37:12 PDT"]
[Termination "Game drawn by agreement"]

1. d4 d5 2. c4 e6 3. Nc3 Nf6 4. cxd5 exd5 5. Bg5 Be7 6. e3 c6 7. Bd3 Nbd7 8. Nf3 O-O 9. O-O Re8 10. Rb1 Nf8 11.
b4 a6 12. a4 Ne4 13. Bxe4 Bxg5 14. Nxg5 Qxg5 15. Bd3 Bh3 16. Qf3 Bg4 17. Qg3 Qh5 18. h3 Bf5 19. Bxf5 Qxf5 20. b5 axb5 21. axb5 Ra3 22. Rbc1 Ne6 23. bxc6 bxc6 24. Ne2 Ra2 25. Nc3 Ra3 26. Nb1 Ra1 27. Qg4 Qxg4 28. hxg4 Rc8 29. Nd2 Rxc1 30. Rxc1 c5 31. dxc5 Rxc5 32. Rd1 Kf8 33.
Kf1 Ke7 34. f3 Rc3 35. Ke2 d4 36. exd4 Nxd4+ 37. Kf2 Ne6 38. Ne4 Rc2+ 39. Kg3 h6 40.
Rb1 g6 41. Rb7+ Kf8 42. Nd6 Rc7 43. Rb8+ Ke7 44. Ne4 Rc2 45. Ra8 f5 46. gxf5 gxf5 47. Ra7+ Kf8 48. Nd6 f4+ 49. Kh2 Rd2 50. Ne4 Rc2 51. Rh7 Ng5 52. Rxh6 Nxf3+ 53. Kh3 Ng1+ 54. Kh2 Nf3+ 55. Kh3 Ng1+ 56. Kg4 Rxg2+ 57. Kxf4 Rg7 58. Ra6 Kf7 59. Ng5+ Ke7 60. Kf5 Rg8 61. Ra7+ Kd6 62. Ne4+ Kc6 63. Nf6 Rg2 64. Ra6+ Kb5 65. Re6 Kc5 66.
Ne4+ Kd4 67. Rd6+ Ke3 68. Ra6 Rc2 69. Ra3+ Ke2 70. Ke5 Nf3+ 71. Kf4 Nd2 72. Ng3+ Kf2 73. Nh1+ Kg2 74. Ng3 Rc4+ 75. Ke3 Nf1+ 76. Nxf1 Kxf1 77. Ra1+ Kg2 78. Kd3 1/2-1/2

[Event "*** Titled Tuesday Blitz"]
[Site "Chess.com"]
[Date "2018.08.07"]
[Round "3"]
[White "DoctorSocrates"]
[Black "nihalsarin"]
[Result "1-0"]
[WhiteElo "2543"]
[BlackElo "2765"]
[TimeControl "180+2"]
[EndTime "13:37:22 PDT"]
[Termination "DoctorSocrates won by resignation"]

1. Nc3 Nf6 2. e4 Nc6 3. d4 d5 4. e5 Nd7 5. f4 Nb6 6. Be3 h5 7. Nf3 Bf5 8. Nh4 Bg4 9. Be2 e6 10. g3 Be7 11. Bxg4 hxg4 12. Ng2 g6 13. Qxg4 Nc4 14.
Qd1 Bb4 15. Bc1 Qe7 16. Qd3 Rh3 17. a3 Bxc3+ 18. Qxc3 O-O-O 19. b3 Nb6 20. Ne3 Rdh8 21. Nf1 a6 22. a4 Qb4 23. Qxb4 Nxb4 24. Kd2 Nc6 25. c3 Ne7 26. Ke2 Nf5 27. Kf2 Nd7 28. Kg2 Nb8 29. Bd2 Nc6 30. Be1 Nce7 31. Bf2 R3h7 32.
Nd2 Nh6 33. h3 Nhf5 34. Nf3 Kd7 35. Ng5 Rg7 36. g4 Nh6 37. Kf3 Rf8 38. Ke3 Neg8 39. Bh4 f6 40. Nf3 f5 41. Rag1 Rh7 42. Bg5 fxg4 43.
Bxh6 Nxh6 44. Ng5 Rhh8 45. hxg4 Nxg4+ 46. Kf3 Nh6 47. Rh3 Nf7 48. Rxh8 Nxg5+ 49. Rxg5 Rxh8 50. Rxg6 Rh3+ 51. Rg3 Rh2 52. f5 exf5 53. Kf4 Rf2+ 54. Rf3 Rb2 55. Kxf5 Rxb3 56. Rh3 Rb6 57. Rh7+ Kd8 58.
e6 Rb1 59. Ke5 Ra1 60. Kxd5 Rxa4 61. c4 Ra5+ 62. c5 Ra1 63. Rh8+ Ke7 64. Rh7+ Kd8 65. Kc4 Rc1+ 66. Kd3 Rd1+ 67. Kc3 Rc1+ 68. Kd2 Rg1 69. Rd7+ Kc8 70. Kd3 a5 71. d5 a4 72. d6 cxd6 73.
cxd6 a3 74. Rc7+ Kb8 75. e7 Re1 76. Rc2 a2 77. Rxa2 Kc8 78. Ra8+ Kd7 79. Rd8+ Kc6 80. e8=Q+ Rxe8 81. Rxe8 Kxd6 82. Kc4 Kd7 83. Re2 Kc6 84. Kb4 Kb6 85. Re6+ Kc7 86. Kb5 Kd7 87. Rh6 Kc7 88. Rh7+ 1-0

[Event "*** Titled Tuesday Blitz"]
[Site "Chess.com"]
[Date "2018.08.07"]
[Round "3"]
[White "BasilSmash"]
[Black "Tjktiger"]
[Result "1-0"]
[WhiteElo "2456"]
[BlackElo "2459"]
[TimeControl "180+2"]
[EndTime "13:37:22 PDT"]
[Termination "BasilSmash won on time"]

1. d4 Nf6 2. Nf3 g6 3. Bg5 Bg7 4. Nbd2 O-O 5. c3 d5 6. e3 Nbd7 7. Be2 Re8 8. O-O e5 9. Bh4 c6 10. a4 h6 11. a5 a6 12. b4 e4 13. Ne1 Nf8 14. Nb3 g5 15. Bg3 N6d7 16. c4 Nf6 17. Nc5 N8d7 18. Nc2 Nxc5 19. bxc5 dxc4 20. Na3 Nd5 21.
Nxc4 f5 22. Be5 Be6 23. Bh5 Rf8 24. Qc2 g4 25. Bxg7 Kxg7 26. Bxg4 fxg4 27. Qxe4 Bf5 28. Qe5+ Qf6 29. Qxf6+ Rxf6 30. Nd6 Rxd6 31. cxd6 Rd8 32. Rfe1 Nc3 33. f3 gxf3 34. gxf3 Rxd6 35. Rac1 Nb5 36. Kf2 Kf7 37. Rc5 Bg6 38. Rg1 Nc7 39. h4 Ne6 40.
Re5 h5 41. f4 Ng7 42. e4 Rxd4 43. Reg5 Rxe4 44. Rxg6 Nf5 45. Kf3 Ra4 46. R6g5 Nxh4+ 47. Ke3 Ra3+ 48. Ke4 Ra4+ 49. Ke3 Ra3+ 50. Ke2 Nf3 51.
R1g3 Nd4+ 52. Kf2 Ra2+ 53. Ke3 Ne6 54. Rxh5 Ra3+ 55. Kf2 Ra2+ 56. Kf3 Ra3+ 57. Kg4 Ra4 58. Rf3 c5 59. Rd5 Rxa5 60. f5 Nd4 61. Re3 Ra4 62.
Kg5 Nc6 63. Rd7+ Kf8 64. Rh3 Kg8 65. Rxb7 Ne5 66. Re3 Nf7+ 67. Kf6 Nd6 68. Ra7 Ne4+ 69. Kg6 Kf8 70. f6 Ke8 71. f7+ Kf8 72. Ra8+ 1-0

[Event "*** Titled Tuesday Blitz"]
[Site "Chess.com"]
[Date "2018.08.07"]
[Round "3"]
[White "Alexander_Moskalenko"]
[Black "Raja3401"]
[Result "1/2-1/2"]
[WhiteElo "2831"]
[BlackElo "2618"]
[TimeControl "180+2"]
[EndTime "13:37:51 PDT"]
[Termination "Game drawn by agreement"]

1. e4 c5 2. Nf3 d6 3. Bb5+ Nd7 4. d4 cxd4 5. Qxd4 a6 6. Bxd7+ Bxd7 7. c4 e5 8. Qd3 Rc8 9. Nc3 Qc7 10. b3 b5 11. Nd5 Qb7 12. O-O Ne7 13. Nc3 Qc7 14. Ba3 bxc4 15. Qd2 cxb3 16. Rfc1 Qb7 17. Rab1 Be6 18.
Ng5 Nc6 19. Nxe6 fxe6 20. Rxb3 Qd7 21. Qb2 Nd4 22. Rb7 Rc7 23. Rxc7 Qxc7 24. Ne2 Nxe2+ 25.
Qxe2 Qb7 26. Qc4 Kf7 27. Qc7+ Qxc7 28. Rxc7+ Kf6 29. Rd7 Be7 30. Bxd6 Bxd6 31. Rxd6 Rc8 32. g3 a5 33. Ra6 Rc4 34. Rxa5 Rxe4 35. h4 Re2 36.
Kg2 e4 37. Kf1 Rb2 38. Ra7 h5 39. Ra5 g6 40. Ke1 e5 41. Ra6+ Kf5 42. Kf1 e3 43.
fxe3 Ke4 44. Rxg6 Rxa2 45. Rg5 Kf3 46. Rf5+ Kxg3 47. Rxh5 e4 48. Rf5 Ra1+ 49. Ke2 Ra2+ 50. Ke1 Ra1+ 51. Kd2 Ra3 52. h5 Kg4 53. Rf4+ Kg5 54. Rxe4 Kxh5 55. Rf4 Kg5 56. Rf8 Kg6 57. e4 Kg7 58. Rf1 Kg6 59. Ke2 Kg5 60. Rf5+ Kg6 61.
Rf8 Kg7 62. Rf4 Kg6 63. Rf5 Rb3 64. Kd2 Ra3 65. Rf1 Kg5 66. Rf8 Kg6 67. Rf1 Kg5 68. e5 Kg6 69. e6 Ra6 70. Re1 Ra8 71. Kd3 Kf6 72. Kd4 Ke7 73. Ke5 Ra5+ 74. Kf4 Ra6 75.
Kf5 Ra5+ 76. Re5 Ra6 77. Rb5 Ra7 78. Ke5 Rc7 79. Ra5 Rb7 80. Kd5 Rc7 81. Ra8 Rb7 82.
Ra5 Rc7 83. Ke5 Rb7 84. Rd5 Ra7 85. Kf5 Rb7 86. Ra5 Rc7 87. Rb5 1/2-1/2

[Event "*** Titled Tuesday Blitz"]
[Site "Chess.com"]
[Date "2018.08.07"]
[Round "3"]
[White "oskariot"]
[Black "LucaBrasi1968"]
[Result "1-0"]
[WhiteElo "2475"]
[BlackElo "2476"]
[TimeControl "180+2"]
[EndTime "13:38:23 PDT"]
[Termination "oskariot won by checkmate"]

1. c4 f5 2. Nc3 Nf6 3. g3 e6 4.
Bg2 d5 5. Nf3 c6 6. d4 Bd6 7.
O-O O-O 8. Qb3 Qb6 9. c5 Qxb3 10. axb3 Bc7 11. b4 Bd7 12. Bf4 Bxf4 13. gxf4 Be8 14. Ne5 Nbd7 15. e3 a6 16. Bf3 Nxe5 17. dxe5 Ne4 18.
Bxe4 fxe4 19. Ne2 Bh5 20. Nd4 Kf7 21. h3 Ke7 22. Kh2 g6 23. Rg1 Rac8 24. Ra5 Rf7 25. Raa1 Rff8 26. Rg5 Rf7 27. Kg1 Rff8 28. Kf1 Rf7 29.
Ke1 Rff8 30. Kd2 Rf7 31. Rag1 Ra8 32. Ra1 Rff8 33. Kc3 Rf7 34. Kb3 Kd7 35. Ka4 Re7 36. Ka5 Kc7 37. Ka4 Rf8 38. Kb3 Kd7 39. Rag1 Ref7 40.
f5 Rxf5 41. Nxf5 exf5 42. Kc3 Ke6 43. Kd4 Bf3 44. h4 Rf7 45. Ra1 Rc7 46. Rg3 Bg4 47.
Rgg1 h5 48. Rgc1 Rc8 49. b5 axb5 50. Ra7 Rc7 51. Ra8 Re7 52. Rca1 f4 53. Rf8 fxe3 54.
Rf6+ Kd7 55. fxe3 Bf5 56. Ra8 Kc7 57. Rh8 b6 58. cxb6+ Kxb6 59. b4 Kc7 60. Rxf5 gxf5 61. Rxh5 Kb6 62. Rxf5 Ra7 63. e6 Ra8 64. Ke5 c5 65.
bxc5+ Kxc5 66. e7 Re8 67. Ke6 b4 68. Rxd5+ Kc4 69. Rd4+ Kc3 70. Rxe4 b3 71. Re5 Rb8 72. Rb5 Rxb5 73. e8=Q Rb6+ 74. Kd5 b2 75. Qe5+ Kc2 76.
Qe4+ Kc1 77. Qh1+ Kc2 78. Qg2+ Kb3 79. Qe4 Rb4 80. Qd3+ Ka2 81. Qa6+ Kb3 82. Qd3+ Ka2 83. Qd2 Rb8 84. Qa5+ Kb1 85. Kc4 Rc8+ 86. Kd3 Rc1 87. h5 Rh1 88. Kc3 Rh3 89. Qf5+ Ka2 90. Qxh3 b1=Q 91.
Qg2+ Ka3 92. Qa8# 1-0

[Event "*** Titled Tuesday Blitz"]
[Site "Chess.com"]
[Date "2018.08.07"]
[Round "3"]
[White "Tash_Boy"]
[Black "AquivaRubinstein"]
[Result "0-1"]
[WhiteElo "2570"]
[BlackElo "2403"]
[TimeControl "180+2"]
[EndTime "13:38:37 PDT"]
[Termination "AquivaRubinstein won by checkmate"]

1. e4 e6 2. d4 d5 3. Nd2 c5 4. exd5 Qxd5 5. Ngf3 cxd4 6. Bc4 Qd6 7. O-O Nf6 8. Nb3 Nc6 9. Nbxd4 Nxd4 10. Nxd4 a6 11. Re1 Qc7 12. Bb3 Bd6 13. g3 O-O 14. Bg5 Nd5 15. Qf3 Ne7 16. c3 Ng6 17. Rad1 h6 18. Bc1 Ne5 19. Qg2 Rb8 20. Bc2 b6 21. Bf4 Bb7 22.
Be4 Nc4 23. Bxd6 Nxd6 24. Bxb7 Nxb7 25. Nc6 Rbc8 26. Ne5 Rfd8 27. Qe4 Nc5 28. Qf4 f6 29. Ng6 Qxf4 30. Nxf4 Kf7 31. b4 Na4 32. Rxd8 Rxd8 33. Re3 e5 34. Ne2 Rd2 35. a3 Ra2 36. c4 Rc2 37. f4 exf4 38. Nxf4 Rxc4 39. Nd5 Rd4 40. Re7+ Kf8 41. Rd7 b5 42. Nxf6 Rc4 43. Nh5 Rc3 44. Nxg7 Rxa3 45. Ne6+ Ke8 46. Ra7 Nc3 47. Kg2 Nd5 48.
h4 Nxb4 49. g4 Nc6 50. Rc7 Ne5 51. g5 hxg5 52. h5 Ng4 53. Nxg5 a5 54. Ne4 b4 55. Rg7 Ne3+ 56. Kf2 Nf5 57. Rg5 Nh6 58. Rg6 Nf5 59. Rf6 Ne7 60. h6 Rh3 61. Kg2 Rh4 62. Ng5 Nd5 63.
Re6+ Kd7 64. Kg3 Rh5 65. Rg6 Ne7 66. Kg4 Nxg6 67. Kxh5 Nh8 68. Nf3 a4 69. Ne5+ Ke6 70. Ng6 Nf7 71. h7 a3 72. Nf4+ Kf5 73. Ne2 Ke4 74. Kg6 a2 75. Kxf7 a1=Q 76. Kg8 Qa8+ 77. Kg7 Qb7+ 78. Kg8 Qc8+ 79. Kg7 Qd7+ 80. Kg8 Qg4+ 81.
Kf7 Qh5+ 82. Kg8 Qg6+ 83. Kh8 b3 84. Nc3+ Ke5 85. Nd5 b2 86. Ne7 Qxh7+ 87. Kxh7 b1=Q+ 88. Kg7 Qb7 89. Kf8 Ke6 90. Nc6 Qf7# 0-1

[Event "*** Titled Tuesday Blitz"]
[Site "Chess.com"]
[Date "2018.08.07"]
[Round "3"]
[White "maciek_92"]
[Black "penguingm1"]
[Result "1/2-1/2"]
[WhiteElo "2723"]
[BlackElo "2823"]
[TimeControl "180+2"]
[EndTime "13:38:46 PDT"]
[Termination "Game drawn - insufficient material"]

1. c4 e6 2. Nc3 d5 3. d4 Be7 4.
Nf3 Nf6 5. Bf4 O-O 6. e3 Nbd7 7.
Bd3 c5 8. cxd5 Nxd5 9. Nxd5 exd5 10. O-O c4 11. Bc2 b5 12. h3 a5 13. a3 Bb7 14.
Ne5 Nf6 15. b3 Rc8 16. a4 b4 17. Rc1 Ba6 18. Re1 Qb6 19. Qf3 Qe6 20. Bg5 g6 21. Bh6 Rfd8 22. g4 cxb3 23. Bxb3 Ne4 24. Qxe4 dxe4 25. Bxe6 fxe6 26. Nc6 Re8 27. Nxa5 Bd3 28.
Nc6 Kf7 29. Ne5+ Kf6 30. Nd7+ Kf7 31. Ne5+ Kg8 32. Nxd3 exd3 33. Rcd1 Rc3 34. e4 b3 35. Rd2 Bb4 36. Rb1 Ba3 37. a5 b2 38. Rdxb2 Bxb2 39. Rxb2 Ra3 40. Rd2 Rd8 41. Be3 e5 42. d5 Kf7 43.
Bb6 Rc8 44. d6 Ke6 45. d7 Kxd7 46. a6 Rc2 47. Rd1 d2 48. Kf1 Rxa6 49. Be3 Rd6 50. Ke2 Ra2 51. Rxd2 Rdxd2+ 52. Bxd2 Kc6 53. Kd3 Ra3+ 54. Bc3 Kc5 55. Kd2 Kc4 56. Bxe5 Rxh3 57. Ke2 Ra3 58. Bg3 Kd4 59. e5 Ra2+ 60. Kf3 Kd5 61. Kf4 h6 62. Kf3 Ra3+ 63. Kg2 Ra4 64. Kh3 Re4 65.
f3 Re2 66. Bf4 g5 67. Bg3 Kd4 68. f4 Kd5 69. f5 Ra2 70. e6 Re2 71. Bc7 Re4 72.
Kg3 Kc6 73. Bd8 Kd6 74. Bf6 Re3+ 75. Kf2 Re4 76. Kg3 Re3+ 77. Kg2 Re4 78. Kf3 Rf4+ 79. Kg3 h5 80. gxh5 Rxf5 81. e7 Kd7 82. Bg7 Kxe7 83.
Kg4 Rd5 84. h6 Kf7 85. Kh5 Rb5 86. Bd4 Kg8 87. Bf6 Kh7 88. Bxg5 Rb4 89. Bf6 Re4 90.
Bg7 Re6 91. Kg5 Rg6+ 92. Kf5 Ra6 93. Kg5 Ra5+ 94. Kf6 Rh5 95. Ke6 Kg6 96. Ke7 Rf5 97. Ke6 Rf1 98. Ke7 Re1+ 99. Kd6 Kf7 100. Kd5 Rd1+ 101. Ke4 Rd6 102. Ke5 Rxh6 103. Bxh6 1/2-1/2